 Dungeon Crawl Stone Soup version 0.28-a0-883-gc8d7bad45d (webtiles) character file.

Game seed: 1196347538489234851

79 pokeman the Magician (level 4, -1/25 HPs)
             Began as a Deep Elf Hedge Wizard on Nov 22, 2021.
             Slain by an ogre (24 damage)
             ... on level 3 of the Dungeon.
             The game lasted 00:06:54 (2782 turns).

pokeman the Magician (Deep Elf Hedge Wizard)        Turns: 2782, Time: 00:06:55

Health: -1/25      AC:  5    Str:  7    XL:     4   Next: 17%
Magic:  1/13       EV: 12    Int: 20    God:
Gold:   117        SH:  0    Dex: 14    Spells: 3/14 levels left

rFire   + . .      SeeInvis .   h - +1 mace (vorpal)
rCold   x . .      Faith    .   (no shield)
rNeg    . . .      Spirit   .   g - +0 leather armour
rPois   +          Reflect  .   c - +0 hat
rElec   .          Harm     .   (no cloak)
rCorr   .          Rampage  .   (no gloves)
Will    .....      Rage     1%  (no boots)
Stlth   ++........              i - amulet of the acrobat
HPRegen 0.08/turn               k - ring of fire
MPRegen 0.13/turn               l - ring of poison resistance

@: no status effects
A: iridescent scales 1, berserk 1
a: no special abilities


You were on level 3 of the Dungeon.
You visited 1 branch of the dungeon, and saw 3 of its levels.

You collected 117 gold pieces.

Inventory:

Hand Weapons
 h - a +1 vorpal mace (weapon)
Missiles
 f - 17 bolts
Armour
 c - a +0 hat (worn)
 g - a +0 leather armour (worn)
Jewellery
 i - an amulet of the acrobat (around neck)
 k - a ring of fire (left hand)
 l - a ring of poison resistance (right hand)
Scrolls
 a - a scroll of magic mapping {unknown}
 d - a scroll of identify {unknown}
 e - 2 scrolls of noise {unknown}
 j - a scroll of blinking {unknown}
Potions
 b - a potion of curing


   Skills:
 - Level 1.0 Fighting
 - Level 1.0 Armour
 + Level 2.7 Dodging
 - Level 2.4 Stealth
 * Level 5.5 Spellcasting
 + Level 2.2 Conjurations
 - Level 1.1 Summonings
 - Level 1.1 Translocations
 + Level 0.5 Fire Magic


You had 3 spell levels left.
You knew the following spells:

 Your Spells              Type           Power      Damage    Failure   Level
a - Magic Dart            Conj           56%        1d5       6%          1
b - Mephitic Cloud        Conj/Pois/Air  8%         N/A       34%         3
c - Call Imp              Summ           9%         N/A       16%         2
d - Blink                 Tloc           18%        N/A       16%         2
e - Conjure Flame         Conj/Fire      16%        6-21      28%         3

Your spell library contained the following spells:

 Spells                   Type           Power      Damage    Failure   Level
 Slow                     Hex            20%        N/A       16%         1


Dungeon Overview and Level Annotations

Branches:
Dungeon (3/15)

Altars:


Innate Abilities, Weirdness & Mutations

You are partially covered in iridescent scales. (AC +2)
You tend to lose your temper in combat.


Message History

You feel a surge of power!
The fire begins to smoulder!
The fire ignites!
Casting: Conjure Flame (extremely dangerous; 28% risk of failure)
Confirm with . or Enter, or press ? or * to list all spells.
The spell is extremely dangerous to cast (34% risk of failure)!
Continue anyway?
Aiming: Mephitic Cloud (extremely dangerous; 34% risk of failure)
Press: ? - help, Shift-Dir - straight line, f/p - ogre
Aim: an ogre, wielding a +0 giant club (chance to affect: 77%)
The ball explodes into a vile cloud!
The stinking cloud engulfs the ogre but does no damage.
The ogre is engulfed in noxious fumes.
The ogre appears confused.
Unknown command.
Unknown command.
The ogre screams, "I'll kill you anyway!"
The ogre gestures wildly.
The ogre says, "I'm a little confused."
The ogre seems less confused.
Casting: Mephitic Cloud (extremely dangerous; 34% risk of failure)
Confirm with . or Enter, or press ? or * to list all spells.
The spell is extremely dangerous to cast (34% risk of failure)!
Continue anyway? [Y]es or [N]o only, please.
The spell is extremely dangerous to cast (34% risk of failure)!
Continue anyway?
Aiming: Mephitic Cloud (extremely dangerous; 34% risk of failure)
Press: ? - help, Shift-Dir - straight line, f/p - ogre
Aim: an ogre, wielding a +0 giant club (lightly wounded, chance to affect: 77%)
The ball explodes into a vile cloud!
The stinking cloud engulfs the ogre but does no damage.
The ogre is lightly wounded.
The ogre is engulfed in noxious fumes.
The ogre appears confused.
You catch the helpless ogre completely off-guard!
You hit the ogre.
The ogre is moderately wounded.
The ogre is engulfed in blazing flames.
The ogre is engulfed in noxious fumes.
The ogre appears confused.
The ogre is engulfed in noxious fumes.
The ogre appears confused.
You hit the ogre but do no damage.
The ogre is severely wounded.
The ogre hits you with a +0 giant club!!
Ouch! That really hurt!
You die...

..##...†...#
.#......##.#
###..#.###.# #
##.#.###.#######
##........O...#
#
##.#####.#####.#
###..#####.# #.#
.#.....O.O.# #O#
....######## #@#
...#.# #>..##
..###.. #....#
##.# ##.# #....#
# ..# .. ####.#
# .## .# #.# #
.# # #.# ##.#
#.# ...# ###.###


You could see an ogre (confused).

Vanquished Creatures
  2 adders
  A worm (D:2)
  3 dart slugs
  7 ball pythons
  3 endoplasms
  8 goblins
  4 hobgoblins
  2 jackals (D:2)
  8 kobolds
  A quokka (D:1)
  5 bats
  2 frilled lizards
  4 rats
50 creatures vanquished.

Notes
Turn   | Place    | Note
-------+----------+-------------------------------------------
     0 | D:1      | pokeman the Deep Elf Hedge Wizard began the quest for the
                  | Orb.
     0 | D:1      | Reached XP level 1. HP: 10/10 MP: 7/7
   288 | D:1      | Reached XP level 2. HP: 2/16 MP: 1/9
  1017 | D:1      | Reached skill level 5 in Spellcasting
  1320 | D:1      | Reached XP level 3. HP: 20/20 MP: 6/11
  1324 | D:1      | Learned a level 3 spell: Mephitic Cloud
  1327 | D:1      | Learned a level 2 spell: Call Imp
  1330 | D:1      | Learned a level 2 spell: Blink
  1334 | D:1      | Learned a level 3 spell: Conjure Flame
  1817 | D:2      | Gained mutation: You are partially covered in iridescent
                  | scales. (AC +2) [potion of mutation]
  1817 | D:2      | Gained mutation: You tend to lose your temper in combat.
                  | [potion of mutation]
  1902 | D:2      | Reached skill level 1 in Fighting
  2141 | D:2      | Found a faded altar of an unknown god.
  2176 | D:2      | Reached skill level 1 in Armour
  2584 | D:3      | Reached XP level 4. HP: 25/25 MP: 8/13
  2711 | D:3      | Noticed an ogre
  2782 | D:3      | Slain by an ogre

Illustrated notes

Levels and vault maps discovered:
D:1:      evilmike_arrival_fibonacci_small, layout_basic
D:2:      layout_rooms, hellmonk_ecumenical_altar_arch_garden,
          minmay_tetromino_s4
D:3:      layout_loops_cross

Skill      XL: |  1  2  3 |
---------------+----------+-----
Spellcasting   | 5 |  5.5
Conjurations   | 2 |  2.2
Fighting       | 1 |  1.0
Armour         | 1 |  1.0
Dodging        | |  2.7
Stealth        | |  2.4
Summonings     | |  1.1
Translocations | |  1.1
Fire Magic     | |  0.5

Action                   |  1- 3 |  4- 6 || total
-------------------------+-------+-------++-------
Melee: Dagger            |    12 |       ||    12
       Mace              |    16 |     2 ||    18
 Cast: Magic Dart        |   121 |     5 ||   126
       Call Imp          |     2 |       ||     2
       Mephitic Cloud    |       |     3 ||     3
       Conjure Flame     |       |     2 ||     2
  Use: Potion            |     2 |       ||     2
 Stab: Confused          |       |     1 ||     1
Armor: Robe              |     2 |       ||     2
       Leather armour    |    12 |       ||    12
Dodge: Dodged            |    31 |       ||    31

Table legend: (Time is in decaauts)
 A = Elapsed time spent in this place.
 B = Non-inter-level travel time spent in this place.
 C = Inter-level travel time spent in this place.
 D = Time resting spent in this place.
 E = Time spent auto-exploring this place.
 F = Levels seen in this place.
 G = Mean time per level.
                   A        B        C        D        E       F      G
               +--------+--------+--------+--------+--------+-----+--------+
         Total |   2787 |   2681 |    106 |    328 |   1936 |   3 |  929.0 |
       Dungeon |   2787 |   2681 |    106 |    328 |   1936 |   3 |  929.0 |
               +--------+--------+--------+--------+--------+-----+--------+

Top non-repeatable levels by time:
     D:1: 1653 daAuts
     D:2: 838 daAuts
     D:3: 295 daAuts
